 Dungeon Crawl Stone Soup version 0.31-a0-986-g5e6e4ef867 (webtiles) character file.

Game seed: 1315241962710686602

434 BigDaddyOpFi the Magician (level 6, 0/32 HPs)
             Began as a Deep Elf Earth Elementalist on Nov 9, 2023.
             Was an Initiate of Vehumet.
             Succumbed to an orc wizard's poison
             ... on level 4 of the Dungeon on Nov 14, 2023.
             The game lasted 00:05:55 (2892 turns).

BigDaddyOpFi the Magician (DEEE)                    Turns: 2892, Time: 00:05:56

Health: 0/32       AC: 11    Str:  4 (7)  XL:     6   Next: 67%
Magic:  14/15      EV:  9    Int: 25 (26) God:    Vehumet [......]
Gold:   165        SH:  0    Dex: 15      Spells: 10/15 levels left

rFire   . . .        g - +0 hand axe
rCold   . . .        (no shield)
rNeg    . . .        m - quicksilver dragon scales
rPois   .            d - +0 helmet
rElec   .            (no cloak)
rCorr   .            j - +0 pair of gloves
SInv    .            (no boots)
Will    +....        (no amulet)
Stlth   ++           o - +6 ring of intelligence
HPRegen 0.25/turn    (no ring)
MPRegen 0.14/turn

%: no passive effects
@: mighty, lethally poisoned (0 -> -4)
A: no striking features
a: Renounce Religion


You were on level 4 of the Dungeon.
You worshipped Vehumet.
Vehumet was noncommittal.
You visited 2 branches of the dungeon, and saw 6 of its levels.

You collected 165 gold pieces.

Inventory:

Hand Weapons
 g - a +0 hand axe (weapon)
Armour
 a - a +1 robe
 d - a +0 helmet (worn)
 j - a +0 pair of gloves (worn)
 m - quicksilver dragon scales (worn)
Jewellery
 o - a +6 ring of intelligence (left hand)
Wands
 c - a wand of quicksilver (9) (quivered)
 k - a wand of paralysis (10)
Scrolls
 e - a scroll of poison
 i - 2 scrolls of amnesia
 l - a scroll of silence
Potions
 b - a potion of magic
 f - a potion of degeneration


   Skills:
 - Level 2.8 Dodging
 - Level 2.9 Stealth
 + Level 5.0 Spellcasting
 * Level 4.1 Conjurations
 + Level 3.4 Transmutations
 + Level 4.7 Earth Magic


You had 10 spell levels left.
You knew the following spells:

 Your Spells              Type           Power      Damage    Failure   Level
a - Sandblast             Erth           58%        2d13      8%          1
b - Magic Dart            Conj           100%       1d8       9%          1
c - Stone Arrow           Conj/Erth      56%        3d10      24%         3

Your spell library contained the following spells:

 Spells                   Type           Power      Damage    Failure   Level
 Passwall                 Tmut/Erth      21%        N/A       14%         2
 Wereblood                Tmut           23%        N/A       19%         2
 Blink                    Tloc           12%        N/A       58%         2
 Call Imp                 Summ           12%        N/A       58%         2
 Sublimation of Blood     Necr           6%         N/A       58%         2
 Brom's Barrelling Bould  Conj/Erth      28%        2d5       63%         4
 Mephitic Cloud           Conj/Pois/Air  13%        N/A       65%         3
 Petrify                  Tmut/Erth      26%        N/A       67%         4
 Manifold Assault         Tloc           6%         N/A       99%         4
 Summon Hydra             Summ           3%         N/A       100%        7


Dungeon Overview and Level Annotations

Branches:
Dungeon (5/15)             Temple (1/1) D:4

Altars:
Ashenzari
Cheibriados
Elyvilon
Fedhas
Gozag
Hepliaklqana
Okawaru
Qazlal
Ru
Trog
Vehumet
Xom
Yredelemnul
Zin
The Shining One


Message History

You barely miss the orc wizard.
You feel very sick. The orc wizard barely misses you.
The orc wizard hits you but does no damage.
The giant cockroach closely misses you.
The orc wizard hits you but does no damage.
The orc wizard barely misses you.
Casting: Sandblast (safe; 8% risk of failure)
Confirm with . or Enter, or press ? or * to list all spells.
Aiming: Sandblast (safe; 8% risk of failure)
Press: ? - help, Shift-Dir - straight line, f - giant cockroach
Aim: a giant cockroach (83% to hit)
The blast of sand hits the giant cockroach.
The giant cockroach is almost dead.
You feel sick. The giant cockroach closely misses you.
The orc wizard hits you but does no damage.
The orc wizard casts a spell at you. The magic dart hits you!
* * * LOW HITPOINT WARNING * * *
The giant cockroach bites you but does no damage.
It was a potion of might.
You feel very mighty all of a sudden.
* * * LOW HITPOINT WARNING * * *
You feel sick.
The orc wizard hits you but does no damage.
The giant cockroach closely misses you. The orc wizard casts a spell at you.
The puff of flame hits you.
* * * LOW HITPOINT WARNING * * *
Okay, then.
Okay, then.
Why would you want to do that?
There is a lethal amount of poison in your body!
Aiming: Quicksilver Bolt
Press: ? - help, Q - select action, (/) - cycle Shift-Dir - straight line, f - orc wizard, p - giant cockroach
Aim: an orc wizard, wielding a +2 dagger of venom and wearing a +0 robe (64% to hit)
The bolt of dispelling energy hits the orc wizard!
You kill the orc wizard!
Vehumet accepts your kill.
You die...

#...............
#...............#
#...............#
#...............#
#...............#
#...............#
#....B))......#
###.)@o..>..#
............##.###
.#..#............#
..#.........##...#
...#...#.?..###..####
#..#...#...# #^....# #
....#....... #.....# #..
.$...#.#.#.#.##....#...#
........#.###<....#


You could see an orc wizard and a giant cockroach.

Vanquished Creatures
  2 black bears (D:4)
  Ijyb (D:4)
  An iguana (D:4)
  Natasha (thrice) (D:4)
  An orc wizard (D:4)
  A gnoll (D:2)
  4 adders
  A worm (D:2)
  4 dart slugs
  2 orcs (D:4)
  6 bats
  6 endoplasms
  A giant cockroach (D:1)
  8 goblins
  7 hobgoblins
  2 jackals (D:4)
  4 quokkas
  7 ball pythons
  6 frilled lizards
  5 kobolds
  5 rats
  2 butterflies (D:1)
79 creatures vanquished.

Notes
Turn   | Place    | Note
-------+----------+-------------------------------------------
     0 | D:1      | BigDaddyOpFi the Deep Elf Earth Elementalist began the
                  | quest for the Orb.
     0 | D:1      | Reached XP level 1. HP: 10/10 MP: 6/6
   163 | D:1      | Reached XP level 2. HP: 15/15 MP: 6/8
   550 | D:1      | Found a faded altar of an unknown god.
  1201 | D:1      | Reached XP level 3. HP: 19/19 MP: 7/9
  1506 | D:2      | Reached skill level 1 in Conjurations
  1651 | D:2      | Reached XP level 4. HP: 24/24 MP: 2/11
  1653 | D:2      | Learned a level 1 spell: Magic Dart
  1657 | D:2      | Learned a level 3 spell: Stone Arrow
  2373 | D:3      | Found a white marble altar of Elyvilon.
  2461 | D:3      | Reached skill level 4 in Spellcasting
  2514 | D:3      | Found a sacrificial altar of Ru.
  2561 | D:3      | You fall into a shaft and drop 2 floors!
  2561 | D:5      | Entered Level 5 of the Dungeon
  2582 | D:4      | Noticed a black bear
  2586 | D:4      | Noticed Ijyb
  2590 | D:4      | Killed a black bear
  2591 | D:4      | Reached XP level 5. HP: 19/28 MP: 8/13
  2598 | D:4      | Killed Ijyb
  2604 | D:4      | Noticed Natasha
  2609 | D:4      | Killed Natasha
  2615 | D:4      | Reached XP level 6. HP: 28/32 MP: 1/14
  2616 | D:4      | Noticed Natasha
  2621 | D:4      | Killed Natasha
  2777 | D:4      | Noticed Natasha
  2780 | D:4      | Found a staircase to the Ecumenical Temple.
  2786 | D:4      | Killed Natasha
  2787 | D:4      | Reached skill level 5 in Spellcasting
  2800 | Temple   | Entered the Ecumenical Temple
  2822 | Temple   | Became a worshipper of Vehumet
  2891 | D:4      | HP: 1/32 [orc wizard/puff of flame (3)]
  2892 | D:4      | Succumbed to an orc wizard's poison

Illustrated notes

Levels and vault maps discovered:
D:1:      spicycebolla_arrival_clurvy, layout_basic,
          ebering_ecumenical_altar_rust, reono_crystal_passage
D:2:      layout_basic, minmay_hexomino_c4
D:3:      minmay_goblin_kobold_castle, layout_basic,
          mainiacjoe_overflow_small_starburst, nicolae_elyvilon_peaceful_grove,
          led_sif_pool
D:4:      layout_rooms, nicolae_overflow_hallway_of_the_gods,
          minmay_temple_entry_waves, gammafunk_ghost_necromancy,
          hangedman_decor_opposing, uniq_pikel, uniq_natasha, uniq_ijyb
D:5:      layout_rooms
Temple:   oiseaux_autumnal_temple

Skill      XL: |  1  2  3  4  5  6 |
---------------+-------------------+-----
Conjurations   | 1 3 4 |  4.1
Transmutations | 2 3 |  3.4
Spellcasting   | 4 5 |  5.0
Earth Magic    | 4 |  4.7
Dodging        | |  2.8
Stealth        | |  2.9

Action                     |  1- 3 |  4- 6 || total
---------------------------+-------+-------++-------
  Melee: Club              |     2 |       ||     2
         Unarmed           |     2 |       ||     2
         Hand axe          |     4 |    21 ||    25
   Cast: Sandblast         |    65 |    41 ||   106
  Evoke: Wand              |       |     1 ||     1
    Use: Scroll            |     6 |     2 ||     8
         Potion            |       |     6 ||     6
   Stab: Sleeping          |     2 |     1 ||     3
 Armour: Robe              |    16 |     3 ||    19
         Quicksilver drago |       |    98 ||    98
  Dodge: Dodged            |    29 |    63 ||    92

Table legend: (Time is in decaauts)
 A = Elapsed time spent in this place.
 B = Non-inter-level travel time spent in this place.
 C = Inter-level travel time spent in this place.
 D = Time resting spent in this place.
 E = Time spent auto-exploring this place.
 F = Levels seen in this place.
 G = Mean time per level.
                   A        B        C        D        E       F      G
               +--------+--------+--------+--------+--------+-----+--------+
         Total |   2952 |   2861 |     91 |    399 |   1948 |   6 |  492.0 |
       Dungeon |   2910 |   2834 |     76 |    399 |   1948 |   5 |  582.0 |
        Temple |     42 |     27 |     15 |      0 |      0 |   1 |   42.0 |
               +--------+--------+--------+--------+--------+-----+--------+

Top non-repeatable levels by time:
     D:1: 1287 daAuts
     D:2: 1111 daAuts
     D:4: 300 daAuts
     D:3: 204 daAuts
  Temple: 42 daAuts
     D:5: 5 daAuts
